 Dungeon Crawl Stone Soup version 0.19.0-18-g426998a (webtiles) character file.

7 vale the Vexing (level 1, 0/7 HPs)
             Began as a Felid Enchanter on Nov 12, 2016.
             Hit by a stone thrown by a kobold (3 damage)
             ... on level 1 of the Dungeon.
             The game lasted 00:02:22 (1108 turns).

vale the Vexing (Felid Enchanter)                   Turns: 1108, Time: 00:02:23

Health: 0/7        AC:  1    Str:  4    XL:     1   Next: 91%
Magic:  4/4        EV: 18    Int: 16    God:
Gold:   0          SH:  0    Dex: 16    Spells: 1 memorised, 3 levels left
                                        Lives:  0   Deaths: 0

rFire  . . .     SeeInvis +       - Unarmed
rCold  . . .     Gourm    .     (armour unavailable)
rNeg   . . .     Faith    .     (shield unavailable)
rPois  .         Spirit   .     (helmet unavailable)
rElec  .         Reflect  .     (cloak unavailable)
rCorr  .         Harm     .     (gloves unavailable)
MR     .....                    (boots unavailable)
Stlth  +++.......               (no amulet)
                                (no ring)
                                (no ring)

@: quick
A: no armour, no weapons or thrown items, stealth, claws 1, fangs 3, see
invisible, carnivore 3, speed 1, shaggy fur 1, slow metabolism 1, sharp paws
a: no special abilities


You were on level 1 of the Dungeon.
You were not hungry.

You visited 1 branch of the dungeon, and saw 1 of its levels.

Inventory:

Missiles
 c - 34 stones
Jewellery
 h - an uncursed amulet of magic regeneration {unknown}
Scrolls
 d - 2 scrolls of teleportation {unknown}
 e - a scroll of immolation {unknown}
 g - a scroll of magic mapping {unknown}
 i - a scroll of identify {unknown}
Potions
 f - a potion of lignification {unknown}
Books
 a - a book of Maledictions

   Spells                             Type                      Level
   a - Corona                         Hexes                        1
   b - Ensorcelled Hibernation        Hexes/Ice                    2
   c - Confuse                        Hexes                        3
   d - Tukima's Dance                 Hexes                        3
   e - Dazzling Spray                 Conjuration/Hexes            3
Comestibles
 b - a meat ration {@e2}


   Skills:
 - Level 2.6 Dodging
 - Level 4.0 Stealth
 + Level 1.5 Unarmed Combat
 - Level 2.0 Spellcasting
 + Level 4.8 Hexes


You had 3 spell levels left.
You knew the following spells:

 Your Spells              Type           Power        Failure   Level  Hunger
a - Corona                Hex            ###....      3%          1    #......


Dungeon Overview and Level Annotations

Branches:
Dungeon (1/15)

Altars:


Innate Abilities, Weirdness & Mutations

You cannot wear armour.
You are incapable of wielding weapons or throwing items.
Your paws allow you to move quietly. (Stealth)
You have sharp claws.
You have razor-sharp teeth.
You have supernaturally acute eyesight. (SInv)
You are carnivorous and can eat meat at any time.
You cover ground quickly.
You are covered in fur. (AC +1)
You have a slow metabolism.
Your sharp claws are effective at attacking unaware monsters.


Message History

A frilled lizard comes into view.
The frilled lizard hisses angrily.
You see here a spear.
The kobold rages.
The frilled lizard misses you. The kobold hits you with a dagger.
Ouch! That really hurt!
* * * LOW HITPOINT WARNING * * *
You take 4 damage, and have 2/7 hp.
MASSIVE DAMAGE!!
The frilled lizard completely misses you.
MP restored: 4 The kobold barely misses you.
You hear a shout!
The kobold rages.
Items here: $ ) ? [ รท a dagger; a ring mail; a scroll labeled ELYSUSH HAEKAWK; 9 gold pieces a kobold skeleton You hear a shout!
The kobold rages.
The kobold is no longer berserk.
The kobold throws a stone.
The stone hits you.
You die...

###### ################ #....####
#..............# #........
###.....########.#######....#####
..'............K................g
#......(..####.########.^.#####
####.)....# #@# #####........ #
#.#########.# #...##.......
....#..l......#.####...##.......
.................................
####.#........)#.................
#....#############...#######'#
#....' ................. ......#
###############.. ##......
########'


You could see a kobold.

Vanquished Creatures
  A bat (D:1)
  2 hobgoblins (D:1)
  A frilled lizard (D:1)
  2 kobolds (D:1)
  A rat (D:1)
7 creatures vanquished.

Notes
Turn   | Place    | Note
-------+----------+-------------------------------------------
     0 | D:1      | vale the Felid Enchanter began the quest for the Orb.
     0 | D:1      | Reached XP level 1. HP: 7/7 MP: 4/4
  1108 | D:1      | Hit by a stone thrown by a kobold

Action                   || total
-------------------------++-------
Melee: Unarmed           ||    29
       Bite              ||     4
 Cast: Corona            ||     7
 Stab: Sleeping          ||     2
Armor: Skin              ||     2
Dodge: Dodged            ||    19
